Map: [ESL] Hecate

Players

Kelazhur

  • Race: Terran Terran
  • Spawn Location: 1:00

ByuN - Winner!

  • Race: Terran Terran
  • Spawn Location: 7:00

Event: IEM Katowice 2024

VOD

Have the link to the VOD?

Description

Time

  • Played on: Feb. 9, 2024, 11:55 a.m.
  • Length: 8:35

All games in this series

Show
View Real Time Build Order
Export as new Build Order

Kelazhur Terran 

Build Orders: Cyclone Opening 

Get SALT Encoding   

  12  0:00  SCV  
  13  0:12  SCV  
  14  0:17  Supply Depot  
  14  0:24  SCV  
  15  0:39  SCV  
  15  0:41  Barracks  
  16  0:43  Refinery  
  16  0:51  SCV  
  16  0:53  Refinery  
  17  1:03  SCV  
  18  1:15  SCV  
  19  1:28  Orbital Command, Reaper  
  19  1:29  Supply Depot  
  20  1:42  Factory  
  21  1:54  SCV  
  21  2:00  Barracks Reactor  
  21  2:06  SCV  
  22  2:19  Command Center  
  22  2:21  SCV  
  23  2:28  Cyclone  
  25  2:33  SCV  
  25  2:36  Marine  
  25  2:37  Marine  
  27  2:41  Supply Depot  
  28  2:45  SCV  
  29  2:51  Starport  
  29  2:57  Marine x2  
  31  3:03  Factory Tech Lab  
  31  3:04  SCV  
  32  3:15  Marine x2  
  32  3:16  SCV  
  35  3:21  Siege Tank  
  38  3:31  Orbital Command  
  39  3:35  Marine  
  39  3:36  Marine  
  39  3:40  Liberator  
  43  3:41  SCV  
  44  3:53  Marine x2  
  44  3:54  SCV, Refinery  
  47  4:02  Supply Depot  
  47  4:03  Siege Tank  
  47  4:06  SCV  
  47  4:08  SCV  
  52  4:12  Marine  
  52  4:14  Marine  
  54  4:19  SCV  
  54  4:23  SCV  
  55  4:25  Starport Tech Lab  
  55  4:30  Supply Depot  
  55  4:33  SCV  
  55  4:35  SCV  
  57  4:44  Raven  
  57  4:45  Interference Matrix  
  59  4:46  SCV  
  59  4:48  SCV  
  59  4:49  Command Center  
  61  4:56  Stimpack  
  61  4:57  Marine  
  61  4:58  SCV  
  63  5:00  SCV  
  63  5:01  Supply Depot  
  64  5:10  SCV  
  64  5:13  Barracks x2  
  65  5:15  Factory Reactor  
  65  5:19  Raven  
  65  5:21  SCV  
  68  5:22  SCV  
  68  5:23  Marine  
  69  5:33  Supply Depot, SCV  
  69  5:34  SCV  
  71  5:38  Engineering Bay  
  71  5:39  Engineering Bay  
  71  5:41  Marine  
  72  5:45  SCV  
  72  5:46  SCV  
  74  5:51  Refinery  
  71  5:57  SCV  
  71  5:58  SCV  
  71  6:01  Orbital Command  
  71  6:03  Siege Tank  
  71  6:04  Marine x3  
  77  6:05  Starport Reactor  
  77  6:06  Terran Infantry Weapons Level 1  
  77  6:09  Terran Infantry Armor Level 1  
  79  6:12  SCV x2  
  79  6:14  Marine x2  
  83  6:24  SCV  
  83  6:25  Orbital Command, SCV  
  85  6:26  Barracks, Marine  
  85  6:27  Marine  
  85  6:29  Barracks  
  87  6:37  Siege Tank, SCV  
  92  6:40  Supply Depot, SCV  
  90  6:47  Marine x2  
  90  6:49  SCV  
  90  6:52  Marine, SCV  
  95  6:55  SCV  
  95  6:56  Combat Shield  
  95  6:59  Marine  
  96  7:01  SCV  
  96  7:04  SCV  
  93  7:09  Siege Tank, Marine x3  
  93  7:10  Marine  
  93  7:14  SCV  
  95  7:16  Marine, SCV  
  97  7:24  Orbital Command  
  97  7:26  SCV  
  97  7:27  Marine x3  
  93  7:30  SCV  
  93  7:31  Marine  
  93  7:34  Marine  
  95  7:37  Medivac  
  95  7:40  Barracks Reactor  
  95  7:43  SCV  
  97  7:45  Barracks Reactor  
  93  7:52  SCV  
  93  7:56  Marine x3  
  95  8:06  SCV  
  95  8:09  Marine  
  95  8:10  Marine  
  90  8:16  Marine x3  
Show
View Real Time Build Order
Export as new Build Order

ByuN Terran - Winner!

Build Orders: Cyclone Opening 

Get SALT Encoding   

  12  0:00  SCV  
  13  0:12  SCV  
  14  0:16  Supply Depot  
  14  0:24  SCV  
  15  0:38  Barracks, SCV  
  15  0:42  Refinery  
  16  0:50  SCV  
  16  0:52  Refinery  
  17  1:02  SCV  
  18  1:14  SCV  
  19  1:26  Orbital Command, Reaper  
  19  1:31  Supply Depot  
  20  1:39  Factory  
  20  1:52  SCV  
  21  1:58  Reaper  
  22  2:04  SCV  
  23  2:16  Command Center  
  23  2:18  SCV  
  24  2:25  Cyclone  
  26  2:30  SCV, Reaper  
  28  2:38  Supply Depot  
  28  2:43  SCV  
  29  2:47  Starport  
  29  2:55  SCV  
  29  2:57  Factory Tech Lab  
  30  3:03  Barracks Reactor  
  30  3:07  SCV  
  31  3:15  Refinery  
  31  3:16  Siege Tank  
  31  3:19  SCV  
  35  3:23  Starport Tech Lab  
  35  3:27  Orbital Command  
  35  3:31  SCV  
  36  3:39  Marine x2  
  38  3:43  Raven  
  38  3:44  SCV  
  41  3:49  Supply Depot  
  41  3:54  SCV  
  42  3:56  SCV  
  42  4:01  Siege Tank  
  46  4:03  Marine x2  
  46  4:06  SCV  
  46  4:08  SCV  
  50  4:18  SCV  
  50  4:19  Raven  
  50  4:20  SCV  
  54  4:31  SCV  
  55  4:33  SCV  
  55  4:35  Command Center  
  56  4:39  Supply Depot  
  56  4:40  Factory Reactor  
  56  4:43  Stimpack  
  56  4:45  SCV x2  
  58  4:47  Barracks  
  58  4:53  Barracks  
  58  4:55  Raven  
  58  4:58  SCV  
  61  5:00  SCV  
  62  5:09  Engineering Bay  
  62  5:10  SCV, Engineering Bay  
  62  5:12  SCV  
  64  5:18  Marine  
  64  5:21  Supply Depot  
  65  5:23  SCV  
  65  5:24  SCV  
  67  5:35  SCV  
  68  5:36  SCV  
  68  5:38  Starport Reactor, Marine, Refinery  
  68  5:42  Marine x2  
  72  5:48  Orbital Command  
  73  5:53  Terran Infantry Weapons Level 1, Terran Infantry Armor Level 1  
  73  5:59  SCV x2  
  73  6:00  Marine x3  
  73  6:02  Barracks, Siege Tank  
  73  6:03  Barracks, Marine  
  81  6:11  SCV x2  
  83  6:15  Supply Depot  
  83  6:17  Marine x2  
  83  6:18  Orbital Command, Medivac x2  
  87  6:23  Combat Shield, SCV x2  
  91  6:32  Marine x2  
  93  6:36  SCV x2, Marine x3  
  93  6:37  Supply Depot  
  98  6:44  SCV  
  98  6:45  Armory  
  99  6:48  SCV x2  
  101  6:55  Barracks Reactor x2  
  101  6:59  SCV, Marine x3  
  101  7:00  SCV x2  
  107  7:05  Marine  
  107  7:06  Marine  
  106  7:11  SCV  
  106  7:12  SCV x2  
  105  7:16  Siege Tank  
  105  7:17  Marine  
  105  7:21  Marine x2  
  111  7:23  Marine x2, SCV  
  111  7:25  SCV x2  
  108  7:32  Marine x4  
  108  7:34  Marine  
  108  7:35  SCV  
  108  7:37  SCV x2  
  116  7:39  Supply Depot, Marine  
  116  7:40  Refinery  
  116  7:41  Refinery  
  116  7:42  Sensor Tower  
  117  8:01  Marine x8  
  125  8:07  Marine  
  125  8:08  SCV  
  121  8:14  Supply Depot  
  125  8:22  Command Center, Supply Depot  
  125  8:24  Factory  
  125  8:31  Missile Turret  

Tags
 
Add a new tag
Caveats
  • Supply blocks, unpowered buildings, or Contaminate may cause inaccurate times.
  • Supply counts are checked every 10 seconds.